 Dungeon Crawl Stone Soup version 0.30-a0-1008-g30c9307041 (webtiles) character file.

Game seed: 2846035310419705386

17 Newt the Shooter (level 2, -8/19 HPs)
             Began as a Kobold Hunter on Apr 5, 2023.
             Mangled by a gnoll
             ... wielding a +0 flail
              (10 damage)
             ... on level 1 of the Dungeon.
             The game lasted 00:00:15 (318 turns).

Newt the Shooter (Kobold Hunter)                     Turns: 318, Time: 00:00:16

Health: -8/19      AC:  3    Str:  8    XL:     2   Next: 80%
Magic:  2/2        EV: 14    Int: 10    God:
Gold:   23         SH:  0    Dex: 18    Spells: 1/1 levels left

rFire   . . .      SeeInvis .    a - +0 shortbow
rCold   . . .      Faith    .    (shield currently unavailable)
rNeg    . . .      Spirit   .    c - +0 leather armour
rPois   .          Reflect  .    (no helmet)
rElec   .          Rampage  .    (no cloak)
rCorr   .                        (no gloves)
Will    .....                    (no boots)
Stlth   +++                      (no amulet)
HPRegen 0.23/turn                (no ring)
MPRegen 0.08/turn                (no ring)

@: no status effects
A: small, no large weapons, nightstalker 3
a: no special abilities


You were on level 1 of the Dungeon.
You visited 1 branch of the dungeon, and saw 1 of its levels.

You collected 23 gold pieces.

Inventory:

Hand Weapons
 a - a +0 shortbow (weapon)
Armour
 c - a +0 leather armour (worn)
Jewellery
 g - an amulet of magic regeneration
Scrolls
 b - a scroll of immolation
 d - a scroll of noise {unknown}
Potions
 e - a potion of haste {unknown}
 f - a potion of berserk rage {unknown}


   Skills:
 + Level 3.4 Fighting
 - Level 5.3 Ranged Weapons
 - Level 2.4 Dodging
 - Level 1.3 Stealth


You had one spell level left.
You didn't know any spells.
Your spell library was empty.

Dungeon Overview and Level Annotations

Branches:
Dungeon (1/15)

Altars:


Innate Abilities, Weirdness & Mutations

You are small and have problems with some larger weapons.
You are completely attuned to the shadows.


Message History

The jackal bites you. The jackal misses you.
You shoot an arrow. The arrow hits the jackal.
You kill the jackal!
No target in view!
f - a dark potion No target in view!
Things that are here:
a jackal corpse; a bat corpse You see here a bat corpse.
g - an amulet of magic regeneration
Found a chain mail.
A gnoll comes into view. It is wielding a +0 flail.
You see here a +0 chain mail.
A gnoll is nearby!
You shoot an arrow. The arrow hits the gnoll.
The gnoll is moderately wounded.
You shoot an arrow. The arrow barely misses the gnoll.
The gnoll closely misses you.
You shoot an arrow. The arrow completely misses the gnoll.
The gnoll misses you. The gnoll closely misses you.
You shoot an arrow.
The arrow hits the gnoll but does no damage.
The gnoll is moderately wounded.
The gnoll barely misses you.
You shoot an arrow. The arrow barely misses the gnoll.
The gnoll barely misses you.
You shoot an arrow. The arrow hits the gnoll.
The gnoll is almost dead.
The gnoll closely misses you.
You shoot an arrow. The arrow completely misses the gnoll.
The gnoll hits you with a +0 flail. The gnoll hits you with a +0 flail!
Ouch! That really hurt!
* * * LOW HITPOINT WARNING * * *
You are too injured to fight recklessly!
You are too injured to fight recklessly!
Unknown command.
You shoot an arrow. The arrow barely misses the gnoll.
The gnoll hits you with a +0 flail!
Ouch! That really hurt!
You die...

#######
#.....#
#.###.# #.#
#.# #####.#
#.# ......#
#.# #######
#.#
#.#########
#.......@.#
#########g...
.... ####


You could see a gnoll.

Vanquished Creatures
  A dart slug (D:1)
  3 bats (D:1)
  An endoplasm (D:1)
  A goblin (D:1)
  A hobgoblin (D:1)
  3 jackals (D:1)
  A kobold (D:1)
  A ball python (D:1)
12 creatures vanquished.

Notes
Turn   | Place    | Note
-------+----------+-------------------------------------------
     0 | D:1      | Newt the Kobold Hunter began the quest for the Orb.
     0 | D:1      | Reached XP level 1. HP: 12/12 MP: 1/1
   188 | D:1      | Reached XP level 2. HP: 18/18 MP: 2/2
   318 | D:1      | Mangled by a gnoll

Illustrated notes

Levels and vault maps discovered:
D:1:      onia_arrival_handbag, layout_loops_ring, moated_statue

Skill      XL: |  1  2 |
---------------+-------+-----
Fighting       | 3 |  3.4
Ranged Weapons | |  5.3
Dodging        | |  2.4
Stealth        | |  1.3

Action                     || total
---------------------------++-------
   Fire: Shortbow          ||    39
 Armour: Leather armour    ||     2
  Dodge: Dodged            ||    21

Table legend: (Time is in decaauts)
 A = Elapsed time spent in this place.
 B = Non-inter-level travel time spent in this place.
 C = Inter-level travel time spent in this place.
 D = Time resting spent in this place.
 E = Time spent auto-exploring this place.
 F = Levels seen in this place.
 G = Mean time per level.
                   A        B        C        D        E       F      G
               +--------+--------+--------+--------+--------+-----+--------+
         Total |    329 |    329 |      0 |      0 |    262 |   1 |  329.0 |
       Dungeon |    329 |    329 |      0 |      0 |    262 |   1 |  329.0 |
               +--------+--------+--------+--------+--------+-----+--------+

Top non-repeatable levels by time:
     D:1: 329 daAuts
